 Dungeon Crawl Stone Soup version 0.32-a0-5-gbffa963729 (webtiles) character file.

Game seed: 13243159855297365491

95 seren the Insei (level 4, -2/29 HPs)
             Began as an Octopode Shapeshifter on Jan 13, 2024.
             Slain by a gnoll
             ... wielding a +1 whip of electrocution
              (6 damage)
             ... on level 3 of the Dungeon.
             The game lasted 00:08:17 (2714 turns).

seren the Insei (Octopode Shapeshifter)             Turns: 2714, Time: 00:08:18

Health: -2/29      AC:  1    Str: 13    XL:     4   Next: 66%
Magic:  4/4        EV: 13    Int: 12    God:
Gold:   142        SH:  0    Dex: 13    Spells: 3/3 levels left

rFire   . .          .
                       - Unarmed
rCold   . . .        (no shield)
rNeg    . . .        (helmet currently unavailable)
rPois   .            (no amulet)
rElec   .            (no ring)
rCorr   .            (no ring)
SInv    .            (no ring)
Will    .....        (no ring)
Stlth   +++          (no ring)
HPRegen 0.24/turn    (no ring)
MPRegen 0.09/turn    (no ring)
                     (no ring)

%: no passive effects
@: beast-form
A: beast (slay +1), almost no armour, amphibious, 8 rings, camouflage 1,
gelatinous body 1, (nimble swimmer 1), tentacles
a: Begin Untransformation


You were on level 3 of the Dungeon.
You were a hulking beast.
You visited 1 branch of the dungeon, and saw 3 of its levels.

You collected 142 gold pieces.

Inventory:

Missiles
 o - 29 stones (quivered)
Magical Staves
 f - a staff of alchemy
Talismans
 b - a beast talisman
 c - a flux talisman
 n - a maw talisman
Scrolls
 e - a scroll of acquirement
 g - 2 scrolls of identify {unknown}
 j - a scroll of fog
 l - 2 scrolls of teleportation {unknown}
 m - a scroll of vulnerability {unknown}
 p - a scroll of enchant weapon {unknown}
Potions
 a - a potion of lignification
 h - a potion of ambrosia {unknown}
 i - a potion of heal wounds {unknown}
 k - a potion of magic {unknown}


   Skills:
 + Level 2.0 Fighting
 + Level 2.7 Dodging
 + Level 2.2 Stealth
 + Level 3.5 Unarmed Combat
 + Level 3.4 Shapeshifting


You had 3 spell levels left.
You didn't know any spells.
Your spell library contained the following spells:

 Spells                   Type           Power      Damage    Failure   Level
 Fugue of the Fallen      Necr           0%         N/A       69%         3
 Ozocubu's Armour         Ice            0%         N/A       69%         3
 Manifold Assault         Tloc           0%         N/A       97%         4
 Summon Forest            Summ/Tloc      0%         N/A       100%        5
 Eringya's Noxious Bog    Alch           0%         4d6       100%        6
 Summon Hydra             Summ           0%         N/A       100%        7


Dungeon Overview and Level Annotations

Branches:
Dungeon (3/15)

Altars:
Hepliaklqana
Ru
The Shining One


Innate Abilities, Weirdness & Mutations

You are a hulking beast.
Your limbs bulge with bestial killing power. (Slay +1)
You cannot wear most types of armour.
You are amphibious.
You can wear up to eight rings at the same time.
Your skin changes colour to match your surroundings (Stealth+).
Your rubbery body absorbs attacks. (AC +1, EV +1)
((You are camouflaged when in or above water. (Stealth+)))
You have tentacles for arms and can constrict up to eight enemies at once.


Message History

A gnoll comes into view.
It is wielding a +1 whip of electrocution.
The gnoll shouts!
There is a stone staircase leading up here.
You climb upwards.
There is a stone staircase leading down here.
There is an open door here.
You see here a +0 pair of gloves.
You see here a +0 falchion.
There is an open door here.
You see here a +0 club.
There is a stone staircase leading down here.
You climb downwards.
There is a stone staircase leading up here.
The gnoll shouts!
You hear a shout!
You see here a +0 flail.
You see here a +0 flail.
The gnoll attacks as it pursues you! The gnoll misses you.
The gnoll attacks as it pursues you!
The gnoll hits you with a +1 whip of electrocution.
You are electrocuted!
* * * LOW HITPOINT WARNING * * *
The gnoll attacks as it pursues you!
The gnoll hits you with a +1 whip of electrocution!
* * * LOW HITPOINT WARNING * * *
This is a scroll of acquirement!
You see here a manual of Shapeshifting.
Something appears before you! The gnoll barely misses you.
The gnoll attacks as it pursues you! The gnoll closely misses you.
The air fills with toxic fumes!
As you read the scroll labelled HAOD EXETAOLA, it crumbles to dust.
It was a scroll of poison.
The gnoll hits you with a +1 whip of electrocution.
* * * LOW HITPOINT WARNING * * *
The gnoll completely misses you. The gnoll misses you.
There are monsters nearby!
As you read the scroll labelled NYIMUFF CIORCHA, it dissolves into smoke.
It was a scroll of fog.
The gnoll hits you with a +1 whip of electrocution.
You die...

#.# #.# #.# #..~.....# #.#
#.# #§# #.....⌠..# #.# #.#
#§# ##.......## #.# #.# #§#
##.#.....# ##.#####§#####§#
#.#####.# #....g§§§§§§§#§#
#g# #)# #..#####§§§§§#g# #.#
#.# #..# ###§§§#g#####§#
###.### #..# ##§§h§§§§§§§#
#.....# #..# #§##§#######
#.###.# #..# #.##§##### #.#
#.. #..# #.##§§...# #.###.#
#..########.######.# #.....#
#...........# #.# #..####
##.###############.#####..###
#.# #).<.................#
#.#####.#########.#####..#.##


You could see 2 gnolls.

Vanquished Creatures
  A gnoll (D:3)
  3 adders
  3 ribbon worms
  2 ball pythons
  3 endoplasms
  2 giant cockroaches
  7 goblins
  5 hobgoblins
  A jackal (D:1)
  5 kobolds
  3 quokkas (D:1)
  6 bats
  A frilled lizard (D:2)
  8 rats
50 creatures vanquished.

Notes
Turn   | Place    | Note
-------+----------+-------------------------------------------
     0 | D:1      | seren the Octopode Shapeshifter began the quest for the
                  | Orb.
     0 | D:1      | Reached XP level 1. HP: 13/13 MP: 1/1
   173 | D:1      | Reached XP level 2. HP: 12/18 MP: 2/2
   551 | D:1      | Reached skill level 1 in Stealth
  1018 | D:2      | Found a faded altar of an unknown god.
  1030 | D:2      | Reached XP level 3. HP: 23/23 MP: 3/3
  1586 | D:2      | Reached XP level 4. HP: 29/29 MP: 4/4
  2270 | D:3      | Found a glowing golden altar of the Shining One.
  2443 | D:3      | Found a hazy altar of Hepliaklqana.
  2477 | D:3      | Found a sacrificial altar of Ru.
  2709 | D:3      | Identified 2 scrolls of acquirement
  2709 | D:3      | Acquired a manual of Shapeshifting
  2714 | D:3      | Slain by a gnoll

Illustrated notes

Levels and vault maps discovered:
D:1:      elethiomel_arrival_quiet, layout_basic, st_stairs_9,
          chequers_serial_rivers_large_b,
          nicolae_concentric_dashed_squares_wild, minmay_misc_feat_plants
D:2:      layout_basic, serial_forest, infiniplex_forest_clump_small,
          infiniplex_forest_zigzag_1, infiniplex_forest_lined_2,
          infiniplex_forest_straight_2, infiniplex_forest_lined_2,
          infiniplex_forest_lined_room_3, infiniplex_forest_lined_3,
          ebering_ecumenical_altar_petrified
D:3:      layout_loops_ring, nicolae_uskayaw_suspiria, tso_oasis_becter,
          mainiacjoe_overflow_alcove_2, lemuel_round_altar

Skill      XL: |  1  2  3  4 |
---------------+-------------+-----
Stealth        | 1 2 |  2.2
Fighting       | 2 |  2.0
Dodging        | |  2.7
Unarmed Combat | |  3.5
Shapeshifting  | |  3.4

Action                     |  1- 3 |  4- 6 || total
---------------------------+-------+-------++-------
  Melee: Unarmed           |    70 |    26 ||    96
         Constrict         |    20 |     9 ||    29
         Tentacles         |     8 |     5 ||    13
         Punch             |       |     1 ||     1
  Throw: Stone             |       |     2 ||     2
    Use: Scroll            |       |     3 ||     3
   Stab: Sleeping          |    11 |     3 ||    14
 Armour: Skin              |    25 |    10 ||    35
  Dodge: Dodged            |    35 |    19 ||    54

Table legend: (Time is in decaauts)
 A = Elapsed time spent in this place.
 B = Non-inter-level travel time spent in this place.
 C = Inter-level travel time spent in this place.
 D = Time resting spent in this place.
 E = Time spent auto-exploring this place.
 F = Levels seen in this place.
 G = Mean time per level.
                   A        B        C        D        E       F      G
               +--------+--------+--------+--------+--------+-----+--------+
         Total |   2711 |   2374 |    337 |    145 |   1368 |   3 |  903.7 |
       Dungeon |   2711 |   2374 |    337 |    145 |   1368 |   3 |  903.7 |
               +--------+--------+--------+--------+--------+-----+--------+

Top non-repeatable levels by time:
     D:1: 1013 daAuts
     D:2: 936 daAuts
     D:3: 761 daAuts
